 Dungeon Crawl Stone Soup version 0.25-a0-464-g3004169c2b (webtiles) character file.

Game seed: 12337124622476307250, levelgen mode: classic

30517 EnegeticOcto the Grappler (level 13, -8/133 HPs)
             Began as a Troll Skald on Feb 5, 2020.
             Was the Champion of Okawaru.
             Mangled by a komodo dragon (12 damage)
             ... while paralysed by Rupert
             ... on level 5 of the Lair of Beasts.
             The game lasted 00:29:20 (15081 turns).

EnegeticOcto the Grappler (Troll Skald)            Turns: 15081, Time: 00:29:20

Health: -8/133     AC:  8    Str: 22    XL:     13   Next: 21%
Magic:  10/15      EV:  1    Int:  9    God:    Okawaru [******]
Gold:   799        SH:  0    Dex: 13    Spells: 14/14 levels left

rFire    + + .     SeeInvis .     - Unarmed
rCold    + . .     Gourm    +   q - +0 shield
rNeg     . . .     Faith    +   D - +2 robe {rF+}
rPois    .         Spirit   .   (helmet restricted)
rElec    .         Reflect  .   (no cloak)
rCorr    +         Harm     .   (gloves unavailable)
MR       +....                  (boots unavailable)
Stlth    +++.......             o - amulet of faith
HPRegen  0.72/turn              M - ring of Jadak {rF+ rC+ rCorr}
MPRegen  0.14/turn              p - ring of protection from magic

@: paralysed, heroism, finesse
A: large, unfitting armour, claws 3, fast metabolism 3, gourmand, regeneration
1, shaggy fur 1, tough skin 3
a: Heroism, Finesse, Renounce Religion


You were on level 5 of the Lair of Beasts.
You worshipped Okawaru.
Okawaru was exalted by your worship.
You were completely stuffed.

You visited 3 branches of the dungeon, and saw 17 of its levels.

You collected 799 gold pieces.

Inventory:

Hand Weapons
 m - a +3 scimitar of flaming
Missiles
 a - 3 silver boomerangs
 b - 44 poisoned darts
 c - 23 javelins (quivered)
 h - 6 boomerangs
 y - 5 silver javelins
 H - 6 large rocks
Armour
 q - a +0 shield (worn)
 D - a +2 robe of fire resistance (worn)
Jewellery
 o - an amulet of faith (around neck)
 p - a ring of protection from magic (right claw)
 t - an uncursed ring of positive energy
 E - an uncursed ring of see invisible
 F - an uncursed ring of fire
 M - the ring of Jadak (left claw) {rF+ rC+ rCorr}
   (You found it on level 3 of the Lair of Beasts)

   [ring of resist corrosion]

   It protects you from fire.
   It protects you from cold.
   It provides partial protection from all sources of acid and corrosion.
Wands
 A - a wand of disintegration (39)
 G - a wand of clouds (8)
 L - a wand of digging (6)
Scrolls
 d - 3 scrolls of blinking {@r4}
 f - a scroll of immolation
 g - 7 scrolls of remove curse {@r2}
 i - 2 scrolls of identify {@r1}
 l - 2 scrolls of enchant armour
 r - 4 scrolls of teleportation {@r3 !r}
 w - 3 scrolls of fear {!r}
 K - 4 scrolls of magic mapping {@r5 !r}
Potions
 j - 3 potions of agility {@q5 !q}
 k - 2 potions of magic
 n - 3 potions of cancellation
 s - 2 potions of mutation
 u - 2 potions of invisibility
 v - 2 potions of might {@q3 !q}
 x - 3 potions of resistance
 z - 8 potions of curing {@q1 !q}
 B - 5 potions of heal wounds {@q2 !q}
 C - 2 potions of lignification {@q6}
 J - a potion of ambrosia {unknown}
Miscellaneous
 I - a phial of floods
Comestibles
 e - 18 rations


   Skills:
 + Level 9.9(14.9) Fighting
 + Level 9.3(14.3) Throwing
 - Level 1.9(6.9) Dodging
 - Level 9.0(14.0) Shields
 - Level 12.0(17.0) Unarmed Combat
 - Level 1.2 Spellcasting
   Level 2.0 Charms
 - Level 5.0 Invocations


You had 14 spell levels left.
You didn't know any spells.
Your spell library contained the following spells:

 Spells                   Type           Power        Failure   Level  Hunger
 Infusion                 Chrm           #...         16%         1    ##.....
 Song of Slaying          Chrm           #.......     24%         2    ###....
 Animate Skeleton         Necr           N/A          36%         1    ##.....
 Apportation              Tloc           #.....       36%         1    ##.....
 Corona                   Hex            #......      36%         1    ##.....
 Freeze                   Ice            #...         36%         1    ##.....
 Pain                     Necr           #...         36%         1    ##.....
 Summon Small Mammal      Summ           #...         36%         1    ##.....
 Shroud of Golubria       Chrm/Tloc      #.....       36%         2    ###....
 Ozocubu's Armour         Chrm/Ice       #.......     58%         3    ####...
 Spectral Weapon          Hex/Chrm       #.......     58%         3    ####...
 Ignite Poison            Fire/Tmut/Pois #.......     73%         3    ####...
 Vampiric Draining        Necr           #.........   73%         3    ####...
 Animate Dead             Necr           N/A          98%         4    #####..
 Summon Lightning Spire   Summ/Air       #.......     98%         4    #####..
 Agony                    Necr           #.......     100%        5    ######.
 Fireball                 Conj/Fire      #.........   100%        5    ######.
 Freezing Cloud           Conj/Ice/Air   #.........   100%        6    #######
 Starburst                Conj/Fire      #.........   100%        6    #######
 Ring of Flames           Chrm/Fire      #.........   100%        7    #######
 Ignition                 Fire           #.........   100%        8    #######
 Tornado                  Air            #.........   100%        9    #######


Dungeon Overview and Level Annotations

Branches:
Dungeon (11/15)            Temple (1/1) D:6            Lair (5/6) D:9
 Shoals (0/4) Lair:4        Snake (0/4) Lair:2          Orc (0/2) D:11
  Slime: Lair:5-6

Altars:
Ashenzari
Cheibriados
Dithmenos
Elyvilon
Fedhas
Gozag
Hepliaklqana
Kikubaaqudgha
Makhleb
Nemelex Xobeh
Okawaru
Qazlal
Ru
Sif Muna
Trog
Uskayaw
Vehumet
Wu Jian
Xom
Yredelemnul
Zin
The Shining One

Shops:
D:11 [

Annotations:
D:8 3 runed translucent doors
D:9 1 exclusion
D:10 1 runed translucent door
Lair:4 1 runed translucent door
Lair:5 Rupert


Innate Abilities, Weirdness & Mutations

You are too large for most types of armour.
You have claws for hands.
Your metabolism is lightning-fast.
You like to eat raw meat.
Your natural rate of healing is unusually fast.
You are covered in fur. (AC +1)
You have extremely tough skin. (AC +3)


Message History

Level annotation: 1 runed translucent door
There is a stone staircase leading down here.
You start resting.
The sentinel's mark upon you fades away.
HP restored.
Eating a chunk of flesh.
You eat the chunk of flesh.
This raw flesh tastes great.
There is a stone staircase leading down here.
You climb downwards.
Level annotation: Rupert
There is a stone staircase leading up here.
What are your orders? t - Shout!
Orders for allies: a - Attack new target. r - Retreat! s - Stop attacking. g - Guard the area. f - Follow me.
Anything else - Cancel.
You shout for attention!
You start waiting.
Rupert is too close now for your liking.
Evoke which item? (* to show all) (? for menu, Esc to quit)
Okay, then.
Okay, then.
You gain the combat prowess of a mighty hero.
You can now deal lightning-fast blows.
What are your orders? t - Shout!
Orders for allies: a - Attack new target. r - Retreat! s - Stop attacking. g - Guard the area. f - Follow me.
Anything else - Cancel.
You shout for attention!
You hear a shout!
You hear an angry hiss.
Something completely misses the plant.
A komodo dragon comes into view.
Something hits the plant!!
Found a morningstar.
Rupert shouts!
The komodo dragon hisses angrily.
Evoke which item? (* to show all) (? for menu, Esc to quit)
Okay, then.
Throwing (i - inventory. (/) - cycle)
c - 26 javelins (quivered)
Press: ? - help, Shift-Dir - straight line, f - Rupert
Aim: Rupert, wielding a +1 battleaxe of electrocution and wearing a +0 chain mail You throw a javelin.
The javelin pierces through the plant!!
The plant is heavily damaged.
The javelin pierces through Rupert!!
Rupert is moderately wounded.
Throwing (i - inventory. (/) - cycle)
c - 25 javelins (quivered)
Press: ? - help, Shift-Dir - straight line, f/p - Rupert
Aim: Rupert, wielding a +1 battleaxe of electrocution and wearing a +0 chain mail (moderately wounded)
You throw a javelin. The javelin pierces through the plant!!
The plant is heavily damaged.
The javelin pierces through the plant but does no damage.
The javelin barely misses Rupert.
Throwing (i - inventory. (/) - cycle)
c - 24 javelins (quivered)
Press: ? - help, Shift-Dir - straight line, f/p - Rupert
Aim: Rupert, wielding a +1 battleaxe of electrocution and wearing a +0 chain mail (moderately wounded)
You throw a javelin. The javelin pierces through the plant!
The plant is heavily damaged.
The javelin pierces through the plant!!
The plant is heavily damaged.
The javelin pierces through Rupert!
Rupert is moderately wounded.
The komodo dragon bites the plant!
The komodo dragon bites the plant!
The ooze quivers.
The ooze hits the plant but does no damage.
The komodo dragon bites the plant but does no damage.
The ooze hits the plant.
The komodo dragon bites the plant!!
The plant is destroyed!
What are your orders? t - Shout!
Orders for allies: a - Attack new target. r - Retreat! s - Stop attacking. g - Guard the area. f - Follow me.
Anything else - Cancel.
You shout for attention!
You hear a shout!
The ooze hits the plant but does no damage.
Rupert shouts!
Rupert screams, "Red!
No, blue!"
Rupert roars wildly at you.
You suddenly lose the ability to move!
Rupert yells loudly at you.
You easily resist.
The komodo dragon bites you!
The ooze hits the plant but does no damage.
The komodo dragon bites you!
The ooze hits the plant.
The komodo dragon bites you!!
The ooze hits the plant but does no damage.
Rupert roars madly and goes into a rage!
Rupert goes berserk!
The komodo dragon hisses menacingly.
The komodo dragon bites you!!
The ooze hits the plant.
The komodo dragon bites you!!
* * * LOW HITPOINT WARNING * * *
The ooze hits the plant but does no damage.
Rupert hits you with a +1 battleaxe of electrocution!
* * * LOW HITPOINT WARNING * * *
You are electrocuted!!
* * * LOW HITPOINT WARNING * * *
The komodo dragon bites you!
You die...

#.....#..#..##
#............##
#.............. ...
#.............. ...
#...<........# #..
##...........P ##.#
##............ #.@#
#........###P.. ..#
###.P#@@###P... #.#
##.....lP#.... ##@P
#.#..##PJ....## ###...
##...##P.(..>P# #.....
#..#.#.(#...#####.....
##.....##......JJ.†÷..
#.........<....#..#.#.
#P..........###(#..J..
####.PP###P.# ###...##


You could see Rupert (berserk), a komodo dragon and an ooze.

Vanquished Creatures
  Josephine (D:11)
  4 hydras
  A two-headed ogre (D:11)
  Erica (D:9)
  Pikel (D:9)
  An ugly thing (D:11)
  3 elephants (Lair:4)
  2 black mambas
  Psyche (D:10)
  A gargoyle (D:11)
  9 spiny frogs
  5 rime drakes
  7 komodo dragons
  A polar bear (Lair:3)
  14 blink frogs
  A meliai zombie (D:11)
  7 hippogriffs
  A snapping turtle (Lair:4)
  Sigmund (D:6)
  4 wraiths (D:11)
  A vampire (D:10)
  A wyvern (D:11)
  A basilisk (Lair:4)
  24 yaks
  A hungry ghost (D:9)
  12 water moccasins
  12 porcupines
  3 slaves (D:9)
  3 ice beasts
  4 orc warriors
  2 sky beasts
  4 black bears
  2 centaurs
  3 ogres
  3 wolves (Lair:2)
  6 crocodiles
  A big kobold (D:9)
  12 bullfrogs
  5 scorpions
  8 killer bees (D:10)
  3 wights (D:10)
  A vampire bat (D:5)
  An electric eel (Lair:4)
  5 howler monkeys
  3 crimson imps
  A bullfrog zombie (D:5)
  2 centaur zombies
  8 jellies
  A centaur skeleton (D:8)
  6 orc priests
  A hound (D:6)
  A bullfrog skeleton (D:11)
  2 iguanas (D:9)
  10 orc wizards
  5 worker ants
  A hound zombie (D:4)
  2 hound skeletons
  A worker ant zombie (D:11)
  Robin (D:3)
  9 adders
  A shadow imp (D:5)
  3 oozes (Lair:5)
  2 adder zombies
  2 dart slugs
  3 fire bats (D:5)
  6 leopard geckos
  23 orcs
  2 spectral bats (D:5)
  2 bat skeletons (D:5)
  A bat zombie (D:5)
  9 giant cockroaches
  14 goblins
  7 hobgoblins
  14 jackals
  15 kobolds
  6 quokkas
  A ball python (D:1)
  15 bats
  A bat simulacrum (D:5)
  A frilled lizard (D:3)
  2 quokka skeletons
  A quokka zombie (D:9)
  11 rats
380 creatures vanquished.

Vanquished Creatures (others)
  A bat skeleton (D:5)
  4 fungi
  4 plants (Lair:5)
  9 toadstools (Lair:4)
18 creatures vanquished.

Grand Total: 398 creatures vanquished

Notes
Turn   | Place    | Note
-------+----------+-------------------------------------------
     0 | D:1      | EnegeticOcto the Troll Skald began the quest for the Orb.
     0 | D:1      | Reached XP level 1. HP: 19/19 MP: 1/1
   137 | D:1      | Reached XP level 2. HP: 27/27 MP: 2/2
   195 | D:1      | You fall into a shaft and drop 1 floor!
   213 | D:2      | Found a white marble altar of Elyvilon.
   226 | D:2      | Reached skill level 3 in Unarmed Combat
   237 | D:2      | Became a worshipper of Elyvilon the Healer
   289 | D:2      | Reached XP level 3. HP: 33/33 MP: 3/3
   622 | D:2      | Reached skill level 4 in Unarmed Combat
   804 | D:1      | Reached XP level 4. HP: 41/41 MP: 4/4
  1183 | D:2      | HP: 1/41 [orc priest/divine providence (15)]
  1184 | D:2      | Reached skill level 5 in Unarmed Combat
  1547 | D:3      | Reached * piety under Elyvilon
  1591 | D:3      | Reached XP level 5. HP: 48/48 MP: 5/5
  1647 | D:3      | Found a shattered altar of Ashenzari.
  1760 | D:3      | Noticed Robin
  1783 | D:3      | Killed Robin
  1938 | D:3      | Reached skill level 1 in Invocations
  2325 | D:3      | Reached ** piety under Elyvilon
  2546 | D:4      | Reached XP level 6. HP: 56/58 MP: 6/6
  2775 | D:4      | Reached *** piety under Elyvilon
  3085 | D:4      | Reached skill level 6 in Unarmed Combat
  3256 | D:5      | Entered Level 5 of the Dungeon
  3379 | D:5      | Reached XP level 7. HP: 56/67 MP: 6/8
  3442 | D:5      | Found a shimmering blue altar of Sif Muna.
  3513 | D:5      | Reached **** piety under Elyvilon
  4034 | D:5      | Found a shadowy altar of Dithmenos.
  4456 | D:6      | Reached XP level 8. HP: 74/78 MP: 9/9
  4640 | D:5      | Reached skill level 7 in Unarmed Combat
  4868 | D:6      | Reached ***** piety under Elyvilon
  4877 | D:6      | Noticed Sigmund
  4885 | D:6      | Killed Sigmund
  5039 | D:6      | Found a staircase to the Ecumenical Temple.
  5045 | Temple   | Entered the Ecumenical Temple
  5826 | D:7      | Reached skill level 5 in Fighting
  5826 | D:7      | Reached skill level 5 in Invocations
  5894 | D:7      | Reached skill level 1 in Shields
  5993 | D:7      | Reached skill level 8 in Unarmed Combat
  6029 | D:7      | Noticed a hippogriff
  6039 | D:7      | Killed a hippogriff
  6158 | D:7      | Reached XP level 9. HP: 86/88 MP: 11/11
  6164 | D:7      | Found a hazy altar of Hepliaklqana.
  6684 | D:8      | Reached skill level 9 in Unarmed Combat
  6826 | D:8      | Found a runed translucent gate.
  6827 | D:8      | Found a runed translucent gate.
  6827 | D:8      | Found a runed translucent gate.
  6828 | D:8      | Noticed a brown ugly thing
  6829 | D:8      | Noticed a red ugly thing
  6829 | D:8      | Noticed a cyan very ugly thing
  6831 | D:8      | Noticed a red ugly thing
  6843 | D:8      | Found an iron altar of Okawaru.
  6843 | D:8      | Found a bloodstained altar of Trog.
  6860 | D:8      | Fell from the grace of Elyvilon
  6860 | D:8      | Became a worshipper of Warmaster Okawaru
  7165 | D:9      | Found a staircase to the Lair.
  7167 | D:9      | Noticed Erica
  7849 | D:9      | Noticed Pikel
  7880 | D:9      | Killed Pikel
  7880 | D:9      | Reached * piety under Okawaru
  7880 | D:9      | Reached ** piety under Okawaru
  7880 | D:9      | Reached skill level 5 in Shields
  7880 | D:9      | Reached skill level 10 in Unarmed Combat
  8224 | D:10     | Entered Level 10 of the Dungeon
  8235 | D:10     | Reached XP level 10. HP: 96/96 MP: 12/12
  8295 | D:10     | Found an iron altar of Okawaru.
  8490 | D:10     | Noticed Psyche
  8501 | D:10     | Killed Psyche
  8954 | D:10     | Noticed a sixfirhy
  8955 | D:10     | Found a runed translucent door.
  9157 | D:11     | Found Esiwn's Armour Shop.
  9370 | D:11     | Reached skill level 1 in Throwing
  9377 | D:11     | Reached *** piety under Okawaru
  9452 | D:11     | Noticed Josephine
  9481 | D:11     | Killed Josephine
  9481 | D:11     | Received a gift from Okawaru
  9481 | D:11     | Reached **** piety under Okawaru
  9481 | D:11     | Reached skill level 11 in Unarmed Combat
  9593 | D:11     | Noticed a red ugly thing
  9654 | D:11     | Noticed a gargoyle
  9656 | D:11     | Killed a gargoyle
  9730 | D:11     | Killed a red ugly thing
  9761 | D:11     | Found a staircase to the Orcish Mines.
  9771 | D:11     | Noticed a two-headed ogre
  9777 | D:11     | Killed a two-headed ogre
  9777 | D:11     | Reached ***** piety under Okawaru
  9777 | D:11     | Reached XP level 11. HP: 82/105 MP: 10/13
 10191 | D:9      | Killed Erica
 10215 | Lair:1   | Entered Level 1 of the Lair of Beasts
 10296 | Lair:1   | Received a gift from Okawaru
 10322 | Lair:1   | Received a gift from Okawaru
 10535 | Lair:1   | Received a gift from Okawaru
 10543 | Lair:1   | Identified the +5 hand crossbow of the Foremost Allies
                  | {penet, Str+4} (Okawaru gifted it to you on level 1 of the
                  | Lair of Beasts)
 10744 | Lair:1   | Noticed a six-headed hydra
 10764 | Lair:1   | Killed a six-headed hydra
 10764 | Lair:1   | Reached skill level 5 in Throwing
 10764 | Lair:1   | Reached skill level 12 in Unarmed Combat
 11234 | Lair:2   | Received a gift from Okawaru
 11359 | Lair:2   | Found a staircase to the Snake Pit.
 11426 | Lair:2   | Reached XP level 12. HP: 45/118 MP: 14/14
 12055 | Lair:2   | Identified Sif Muna's Grimoire of Frigorific Air
 12412 | Lair:3   | Reached ****** piety under Okawaru
 12630 | Lair:3   | Noticed a four-headed hydra
 12637 | Lair:3   | Noticed a five-headed hydra
 12648 | Lair:3   | Received a gift from Okawaru
 12660 | Lair:3   | Killed a five-headed hydra
 12661 | Lair:3   | Received a gift from Okawaru
 12669 | Lair:3   | Killed a four-headed hydra
 12791 | Lair:3   | Got a faintly glowing brass ring
 12831 | Lair:3   | Identified the ring of Jadak {rF+ rC+ rCorr} (You found it
                  | on level 3 of the Lair of Beasts)
 13445 | Lair:4   | Received a gift from Okawaru
 13606 | Lair:4   | Noticed a four-headed hydra
 13609 | Lair:4   | Killed a four-headed hydra
 13738 | Lair:4   | Received a gift from Okawaru
 13923 | Lair:4   | Reached XP level 13. HP: 110/131 MP: 13/15
 13927 | Lair:4   | Received a gift from Okawaru
 14172 | Lair:4   | Noticed a dire elephant
 14172 | Lair:4   | Noticed a dire elephant
 14195 | Lair:4   | Found a runed translucent door.
 14621 | Lair:4   | Found a staircase to the Shoals.
 14962 | Lair:5   | Received a gift from Okawaru
 14989 | Lair:5   | Noticed Rupert
 15075 | Lair:5   | Paralysed by Rupert for 7 turns
 15081 | Lair:5   | HP: 4/133 [Rupert/+1 battleaxe of electrocution (19)]
 15081 | Lair:5   | Mangled by a komodo dragon

Levels and vault maps discovered:
D:1:      eino_arrival_tree_alley, layout_basic
D:2:      minmay_door_path, layout_loops_ring, elyvilon_altar_5, first_ration,
          grunt_ministairs_8
D:3:      layout_loops_ring, lemuel_crystal_altar, uniq_robin
D:4:      layout_loops_corners
D:5:      layout_basic, grunt_dithmenos_smoke_and_mirrors, led_sif_pool,
          goddamned_bats
D:6:      layout_basic, minmay_temple_entry_enclosed_plants, uniq_sigmund
D:7:      layout_loops_ring, basic_altar
D:8:      layout_basic, grunt_temple_overflow_bloody_war,
          ploomutoo_gammafunk_ghost_potion_laboratory
D:9:      layout_stronghold, lair_entry_dummy, hangedman_ranch
          [blue_anna_fruit_fields], due_unseen_surprise, uniq_erica, uniq_pikel
D:10:     cheibrodos_shockbox, layout_cave_pools, okawaru_ov_weapons_minmay,
          uniq_psyche
D:11:     layout_irregular_city, orc_0_dummy, serial_shops,
          nicolae_shop_window_shopping, grunt_decor_fettered, uniq_josephine
Temple:   compressed_dpeg_circular_temple
Lair:1:   layout_roguey, grunt_megastairs_5, serial_bayou_shore_b
Lair:2:   layout_misc_corridors, dummy_snake_entry
Lair:3:   layout_concentric_octagons
Lair:4:   gammafunk_lair_enchanted_lake, layout_hall_layers,
          minmay_shoals_entry_hut
Lair:5:   wander_river, layout_loops_ring, nicolae_slime_entry_slimehenge,
          gammafunk_ghost_hydra_chop, uniq_rupert

Skill      XL: |  1  2  3  4  5  6  7  8  9 10 11 12 13 |
---------------+----------------------------------------+-----
Unarmed Combat | 3 4 5 6 8 10 11 12 | 12.0
Fighting       | 2 3 4 5 6 7 9 |  9.9
Invocations    | 1 2 3 5 |  5.0
Shields        | 2 5 7 8 9 |  9.0
Throwing       | 3 5 8 9 |  9.3
Dodging        | |  1.9
Spellcasting   | |  1.2
Charms         | |  2.0

Action                   |  1- 3 |  4- 6 |  7- 9 | 10-12 | 13-15 || total
-------------------------+-------+-------+-------+-------+-------++-------
Melee: Unarmed           |    99 |   174 |   354 |   494 |   100 ||  1221
       Punch             |     1 |     3 |     3 |       |       ||     7
Throw: Dart              |    10 |    15 |    17 |       |       ||    42
       Boomerang         |       |       |       |    71 |     8 ||    79
       Large rock        |       |       |       |    39 |    10 ||    49
       Javelin           |       |       |       |    33 |     3 ||    36
Invok: Lesser Healing    |       |       |     2 |       |       ||     2
       Purification      |       |       |     1 |       |       ||     1
       Heal Other        |       |       |     1 |       |       ||     1
       Heroism           |       |       |       |    14 |     2 ||    16
       Finesse           |       |       |       |     2 |     1 ||     3
Evoke: Wand              |       |       |     5 |     4 |       ||     9
  Use: Scroll            |       |    14 |     7 |    12 |       ||    33
       Potion            |       |     1 |       |     2 |       ||     3
 Stab: Sleeping          |       |     1 |     1 |       |       ||     2
       Distracted        |       |       |       |     1 |       ||     1
  Eat: Chunk             |    13 |    21 |    39 |    53 |    11 ||   137
       Ration            |       |       |     2 |     2 |       ||     4
Armor: Robe              |    43 |    51 |   128 |    73 |    19 ||   314
Dodge: Dodged            |    47 |    58 |   171 |   146 |    20 ||   442
Block: Shield            |       |       |    61 |   202 |    38 ||   301

Table legend:
 A = Non-vault XP
 B = Vault XP
 C = Vault XP percentage of total XP
 D = Non-vault monster count
 E = Vault monster count
 F = Vault count percentage of total count
                 A         B        C        D         E       F
            +---------+---------+-------+---------+---------+-------
      Total |   37198 |    6398 |  14.7 |     316 |      61 |  16.2
            +---------+---------+-------+---------+---------+-------
        D:1 |      32 |       6 |  15.8 |      19 |       2 |   9.5
        D:2 |      85 |      66 |  43.7 |      23 |       6 |  20.7
        D:3 |      84 |      35 |  29.4 |      25 |      11 |  30.6
        D:4 |     354 |       0 |   0.0 |      13 |       0 |   0.0
        D:5 |     510 |     173 |  25.3 |      15 |      19 |  55.9
        D:6 |     503 |     220 |  30.4 |      17 |       1 |   5.6
        D:7 |    1008 |       0 |   0.0 |      22 |       0 |   0.0
        D:8 |     898 |     130 |  12.6 |      13 |       1 |   7.1
        D:9 |     517 |    1658 |  76.2 |       9 |       3 |  25.0
       D:10 |    1342 |     439 |  24.6 |      24 |       1 |   4.0
       D:11 |    3236 |    1725 |  34.8 |      23 |       5 |  17.9
     Lair:1 |    6461 |     492 |   7.1 |      26 |       2 |   7.1
     Lair:2 |    4403 |       0 |   0.0 |      25 |       0 |   0.0
     Lair:3 |    6726 |       0 |   0.0 |      23 |       0 |   0.0
     Lair:4 |    9491 |    1353 |  12.5 |      33 |       5 |  13.2
     Lair:5 |    1548 |     101 |   6.1 |       6 |       5 |  45.5
            +---------+---------+-------+---------+---------+-------
